 Dungeon Sprint DCSS version 0.19-a0-1861-g35def1e (webtiles) character file.

35333 Groucho the Warrior (level 14, -2/128 HPs)
             Began as a Formicid Fighter on Oct 12, 2016.
             Was the Champion of Makhleb.
             Killed from afar by a thorn hunter (23 damage)
             ... with a volley of thorns
             ... in the Dungeon (Sprint IX: "|||||||||||||||||||||||||||||").
             The game lasted 00:15:05 (3374 turns).

Groucho the Warrior (Formicid Fighter)              Turns: 3374, Time: 00:15:06

Health: -2/128     AC: 29    Str: 31    XL:     14   Next: 18%
Magic:  22/22      EV: 15    Int:  8    God:    Makhleb [******]
Gold:   12         SH: 15    Dex: 13    Spells: 0 memorised, 13 levels left

rFire  + . .     SeeInvis +     H - +0 great sword (flame)
rCold  + . .     Gourm    .     r - +3 plate armour {rF+}
rNeg   . . .     Faith    .     c - +0 shield
rPois  +         Spirit   .     (helmet unavailable)
rElec  .         Dismiss  .     y - +0 cloak {rPois}
rCorr  .         Reflect  .     E - +1 pair of gloves
MR     +....     Harm     .     l - +2 pair of boots
Stlth  ..........               (no amulet)
                                b - +3 ring of dexterity
                                A - ring of protection from cold

@: mighty
A: permanent stasis, dig shafts and tunnels, four strong arms, antennae 3,
poison resistance
a: Dig, Minor Destruction, Lesser Servant of Makhleb, Major Destruction, Greater
Servant of Makhleb, Renounce Religion


You were in the Dungeon.
You worshipped Makhleb.
Makhleb was exalted by your worship.
You were not hungry.

You visited 1 branch You collected 1940 gold pieces.
You spent 1928 gold pieces at shops.

Inventory:

Hand Weapons
 g - a +0 shortbow
 p - a +2 scimitar of flaming
 C - the +7 morningstar of Angoq {elec, rC+ Str+7 Dex+3}
   (You found it in the Dungeon)

   Occasionally, upon striking a foe, it will discharge some electrical energy
   and cause terrible harm.
   It affects your strength (+7).
   It affects your dexterity (+3).
   It protects you from cold.
 H - a +0 great sword of flaming (weapon)
Missiles
 s - 62 arrows
Armour
 c - a +0 shield (worn)
 l - a +2 pair of boots (worn)
 r - a +3 plate armour of fire resistance (worn)
 y - a +0 cloak of poison resistance (worn)
 D - a +1 cloak
 E - a +1 pair of gloves (worn)
Jewellery
 a - a +3 ring of intelligence
 b - a +3 ring of dexterity (right hand)
 A - a ring of protection from cold (left hand)
 B - an uncursed ring of protection from cold
Wands
 o - a wand of lightning (1/15)
 x - a wand of flame (28/48)
 z - a wand of acid (9/15)
Scrolls
 h - a scroll of enchant armour
 m - 4 scrolls of remove curse
 n - 2 scrolls of amnesia
 u - 3 scrolls of fear
 v - 2 scrolls of recharging
 G - a scroll of identify
Potions
 d - 2 potions of might
 e - 3 potions of curing
 i - 4 potions of magic
 q - a potion of beneficial mutation
 t - a potion of cure mutation
 w - 2 potions of brilliance
 F - a potion of agility
Comestibles
 f - 13 bread rations
 j - 40 fruits
 k - 10 meat rations


   Skills:
 * Level 17.5 Fighting
 * Level 16.4 Long Blades
 * Level 17.4 Armour
 * Level 12.5 Dodging
 + Level 15.7 Shields
 + Level 11.7 Invocations
 + Level 10.8 Evocations


You had 13 spell levels left.
You didn't know any spells.

Dungeon Overview and Level Annotations

Branches:
Dungeon (1/1)

Altars:
Cheibriados
Dithmenos
Elyvilon
Fedhas
Gozag
Hepliaklqana
Kikubaaqudgha
Makhleb
Nemelex Xobeh
Okawaru
Qazlal
Ru
Sif Muna
Trog
Uskayaw
Vehumet
Xom
Yredelemnul
Zin
The Shining One
Beogh
Jiyva
Lugonu

Shops:
D ![%!


Innate Abilities, Weirdness & Mutations

You are under a permanent stasis effect.
You can dig through walls and to a lower floor.
Your four strong arms can wield two-handed weapons with a shield.
You have a pair of large antennae on your head. (SInv)
Your system is resistant to poisons. (rPois)


Message History

You hit the emperor scorpion. You burn the emperor scorpion.
The emperor scorpion is severely wounded.
You block the emperor scorpion's attack. x2
The emperor scorpion claws you but does no damage.
The thorn hunter hits you but does no damage.
The thorn hunter misses you.
Your plate armour prevents you from hitting the emperor scorpion.
The emperor scorpion is severely wounded.
You block the emperor scorpion's attack. x2
The emperor scorpion barely misses you.
The thorn hunter hits you but does no damage.
You block the thorn hunter's attack.
You closely miss the emperor scorpion.
The emperor scorpion is severely wounded.
The emperor scorpion closely misses you.
The emperor scorpion claws you but does no damage.
You block the emperor scorpion's attack.
The thorn hunter fires a volley of thorns at you.
The volley of thorns hits you!
You die...

_▓.▓.▓.▓.▓.▓[▓.▓.▓{
{
_▓.▓.▓.▓)▓.▓[▓.▓.▓{
{ {
_▓.▓.▓.▓)▓{▓[▓.▓.▓{
{
_▓.▓.▓.▓[▓.▓.▓.▓.▓
{
_▓.▓.▓.▓)▓.▓[▓.▓.▓
{
_▓.▓†▓.▓)▓{▓[▓.▓.▓
{
_▓.▓†▓.▓)▓.▓.▓.▓.▓
{
_▓.▓.▓.▓.▓.▓!▓.▓s▓
{
_▓.▓.▓.▓.▓.▓!▓.▓@▓
{
_▓.▓.▓.▓.▓.▓.▓.♣f♣
{
_▓.▓.▓.▓.▓.▓.▓.♣F♣
_▓.▓.▓.▓.▓.▓.▓.♣y♣
{
_▓.▓.▓.▓.▓.▓?▓.♣v♣
{
_▓.▓.▓.▓.▓.▓.▓.♣.♣
{
.▓.▓.▓.▓'▓.▓.▓.♣.♣
{
'▓.▓'▓.▓)▓.▓.▓.♣.♣
{
.▓.▓.▓.▓)▓.▓)▓.♣.♣
{


You could see an emperor scorpion, a thorn hunter, a spiny frog, a hornet and an
insubstantial wisp.

Vanquished Creatures
  A ghost moth (D)
  2 emperor scorpions (D)
  A fire giant (D)
  A stone giant (D)
  A merfolk impaler (D)
  A fire dragon (D)
  Erolcha (D)
  A hydra (D)
  An ice dragon (D)
  Erica (D)
  A catoblepas (D)
  2 merfolk avatars (D)
  2 centaur warriors (D)
  5 death yaks (D)
  Urug (D)
  7 orc high priests (D)
  Sonja (D)
  A sea snake (shapeshifter) (D)
  A sea snake (D)
  A spriggan druid (D)
  A swamp dragon (D)
  2 harpies (D)
  A deep elf mage (D)
  3 orc knights (D)
  A hill giant (D)
  2 manticores (D)
  An elephant (D)
  Maurice (D)
  2 spiny frogs (D)
  A komodo dragon (D)
  A demonic crawler (D)
  A yaktaur (D)
  A jumping spider (D)
  2 tyrant leeches (D)
  A hornet (shapeshifter) (D)
  A two-headed ogre (D)
  A wind drake (D)
  A slime creature (D)
  A shadow (D)
  3 yaks (D)
  A water elemental (D)
  4 tarantellas (D)
  A vampire (D)
  A wyvern (D)
  Eustachio (D)
  3 porcupines (D)
  4 water moccasins (D)
  11 orc warriors (D)
  A phantom (D)
  A centaur (D)
  2 ogres (D)
  A wolf (D)
  2 crocodiles (D)
  A big kobold (D)
  5 bullfrogs (D)
  A crimson imp (D)
  A hound (D)
  A jelly (D)
  9 orc priests (D)
  An iguana (D)
  3 orc wizards (D)
  An adder (D)
  A dart slug (D)
  6 orcs (D)
  A bat zombie (D)
  A hobgoblin (D)
  A quokka skeleton (D)
  3 rats (D)
130 creatures vanquished.

Vanquished Creatures (others)
  A spatial maelstrom (D)
1 creature vanquished.

Grand Total: 131 creatures vanquished

Notes
Turn   | Place    | Note
-------+----------+-------------------------------------------
     0 | D        | Groucho the Formicid Fighter began the quest for the Orb.
     0 | D        | Reached XP level 1. HP: 18/18 MP: 1/1
     1 | D        | Banished a spatial maelstrom
    16 | D        | Reached XP level 2. HP: 23/25 MP: 2/2
    30 | D        | Noticed a crimson imp
    40 | D        | Reached skill level 5 in Shields
    40 | D        | Reached XP level 3. HP: 31/31 MP: 3/3
   125 | D        | Reached skill level 5 in Fighting
   125 | D        | Reached skill level 5 in Long Blades
   125 | D        | Reached skill level 5 in Armour
   125 | D        | Reached XP level 4. HP: 30/39 MP: 4/4
   134 | D        | Found a roughly hewn altar of Beogh.
   134 | D        | Found a snail-covered altar of Cheibriados.
   134 | D        | Found a shadowy altar of Dithmenos.
   134 | D        | Found a white marble altar of Elyvilon.
   134 | D        | Found a blossoming altar of Fedhas.
   134 | D        | Found an opulent altar of Gozag.
   135 | D        | Found a hazy altar of Hepliaklqana.
   136 | D        | Found a viscous altar of Jiyva.
   137 | D        | Found an ancient bone altar of Kikubaaqudgha.
   138 | D        | Found a corrupted altar of Lugonu.
   139 | D        | Found a burning altar of Makhleb.
   140 | D        | Found a sparkling altar of Nemelex Xobeh.
   141 | D        | Found an iron altar of Okawaru.
   142 | D        | Found a stormy altar of Qazlal.
   143 | D        | Found a sacrificial altar of Ru.
   144 | D        | Found a deep blue altar of Sif Muna.
   145 | D        | Found a bloodstained altar of Trog.
   146 | D        | Found a hide-covered altar of Uskayaw.
   147 | D        | Found a radiant altar of Vehumet.
   148 | D        | Found a shimmering altar of Xom.
   151 | D        | Became a worshipper of Makhleb the Destroyer
   154 | D        | Found a basalt altar of Yredelemnul.
   155 | D        | Found a glowing silver altar of Zin.
   156 | D        | Found a glowing golden altar of the Shining One.
   206 | D        | Noticed an ogre
   206 | D        | Noticed an ogre
   206 | D        | Noticed a bullfrog
   206 | D        | Noticed a bullfrog
   209 | D        | Reached XP level 5. HP: 44/44 MP: 5/5
   212 | D        | Killed an ogre
   212 | D        | Reached XP level 6. HP: 52/52 MP: 6/6
   214 | D        | Killed an ogre
   214 | D        | Reached * piety under Makhleb
   222 | D        | Reached XP level 7. HP: 53/60 MP: 7/7
   231 | D        | Reached ** piety under Makhleb
   239 | D        | Noticed a centaur warrior
   239 | D        | Noticed a vampire
   245 | D        | Killed a centaur warrior
   245 | D        | Reached skill level 10 in Shields
   245 | D        | Reached XP level 8. HP: 52/71 MP: 8/8
   259 | D        | Reached *** piety under Makhleb
   269 | D        | Killed a vampire
   269 | D        | Reached XP level 9. HP: 64/78 MP: 9/9
   542 | D        | Reached skill level 10 in Fighting
   542 | D        | Reached skill level 10 in Armour
   547 | D        | Reached **** piety under Makhleb
   566 | D        | Reached ***** piety under Makhleb
   583 | D        | Noticed a spiny frog
   583 | D        | Noticed a seven-headed hydra
   583 | D        | Noticed a spiny frog
   583 | D        | Noticed a komodo dragon
   589 | D        | Noticed an elephant
   594 | D        | Killed a one-headed hydra
   594 | D        | Reached XP level 10. HP: 73/88 MP: 9/11
   595 | D        | Killed a spiny frog
   606 | D        | Killed a spiny frog
   613 | D        | Killed a komodo dragon
   623 | D        | Killed an elephant
   638 | D        | Reached ****** piety under Makhleb
   648 | D        | Noticed a catoblepas
   648 | D        | Noticed a death yak
   648 | D        | Noticed a death yak
   648 | D        | Noticed a death yak
   653 | D        | Noticed a death yak
   657 | D        | Killed a catoblepas
   657 | D        | Reached skill level 5 in Dodging
   658 | D        | Noticed a death yak
   669 | D        | Killed a death yak
   669 | D        | Reached skill level 5 in Invocations
   669 | D        | Reached XP level 11. HP: 56/96 MP: 14/14
   675 | D        | Killed a death yak
   675 | D        | Reached skill level 5 in Evocations
   680 | D        | Killed a death yak
   699 | D        | Killed a death yak
   710 | D        | Killed a death yak
   749 | D        | Noticed Eustachio
   750 | D        | Noticed Sonja
   756 | D        | Killed Eustachio
   766 | D        | Killed Sonja
  1141 | D        | Noticed Maurice
  1148 | D        | Killed Maurice
  1207 | D        | Noticed an orc knight
  1224 | D        | Killed an orc knight
  1302 | D        | Noticed an orc knight
  1304 | D        | Reached XP level 12. HP: 99/107 MP: 17/17
  1700 | D        | Found Xakhufac's Distillery.
  1700 | D        | Noticed an orc high priest
  1700 | D        | Noticed an orc high priest
  1700 | D        | Noticed an orc high priest
  1701 | D        | Noticed an orc high priest
  1708 | D        | Killed an orc high priest
  1709 | D        | Found Xaqiud's Antique Armour Shoppe.
  1713 | D        | Noticed a sun demon
  1720 | D        | Killed an orc high priest
  1728 | D        | Killed an orc high priest
  1731 | D        | Found Ines's Food Emporium.
  1734 | D        | Killed an orc high priest
  1739 | D        | Found Lamuazac's Distillery.
  1739 | D        | Noticed an orc high priest
  1740 | D        | Noticed an orc high priest
  1744 | D        | Noticed a soul eater
  1750 | D        | Noticed an orc high priest
  1754 | D        | Killed an orc high priest
  1754 | D        | Reached skill level 15 in Fighting
  1762 | D        | Killed an orc high priest
  1762 | D        | Reached skill level 15 in Armour
  1776 | D        | Killed an orc high priest
  1825 | D        | Bought a pair of runed boots for 252 gold pieces
  1840 | D        | Bought 2 potions of beneficial mutation for 980 gold pieces
  1844 | D        | Bought a glowing plate armour for 696 gold pieces
  1912 | D        | Noticed Erolcha
  1914 | D        | Noticed Urug
  1927 | D        | Killed Urug
  1930 | D        | Killed Erolcha
  1930 | D        | Reached skill level 15 in Long Blades
  1930 | D        | Reached skill level 10 in Dodging
  2017 | D        | Got the +7 morningstar of Angoq {elec, rC+ Str+7 Dex+3}
  2052 | D        | Noticed a centaur warrior
  2065 | D        | Noticed a sea snake
  2065 | D        | a moth of wrath changed into a sea snake
  2074 | D        | Killed a centaur warrior
  2074 | D        | Reached XP level 13. HP: 117/117 MP: 15/20
  2123 | D        | Noticed an ice dragon
  2124 | D        | Noticed a fire dragon
  2125 | D        | Noticed a fire giant
  2126 | D        | Noticed a stone giant
  2140 | D        | Killed an ice dragon
  2140 | D        | Reached skill level 10 in Invocations
  2148 | D        | Killed a fire dragon
  2158 | D        | Killed a fire giant
  2166 | D        | Killed a stone giant
  2166 | D        | Reached skill level 15 in Shields
  2606 | D        | Noticed Erica
  2615 | D        | Killed Erica
  2689 | D        | Noticed a merfolk impaler
  2697 | D        | Noticed a merfolk avatar
  2702 | D        | Noticed a merfolk avatar
  2712 | D        | Killed a merfolk impaler
  2718 | D        | Reached skill level 10 in Evocations
  2743 | D        | Killed a merfolk avatar
  2754 | D        | Killed a merfolk avatar
  2768 | D        | Noticed a ghost moth
  2768 | D        | Noticed an emperor scorpion
  2780 | D        | Killed a ghost moth
  2807 | D        | Killed an emperor scorpion
  2807 | D        | Reached XP level 14. HP: 62/128 MP: 4/22
  3306 | D        | Noticed an emperor scorpion
  3318 | D        | Killed an emperor scorpion
  3336 | D        | Noticed a thorn hunter
  3341 | D        | Noticed an emperor scorpion
  3358 | D        | HP: 2/128 [thorn hunter/volley of thorns (25)]
  3367 | D        | Gained mutation: Your system is resistant to poisons. (rPois) [potion of beneficial mutation]
  3374 | D        | Killed from afar by a thorn hunter

Vault maps used:
D:        linesprint

Skill      XL: |  1  2  3  4  5  6  7  8  9 10 11 12 13 |
---------------+----------------------------------------+-----
Shields        | 4 5 6 7 8 10 12 13 14 15 | 15.7
Long Blades    | 3 4 5 6 7 9 11 13 14 15 16 | 16.4
Fighting       | 4 5 6 7 9 11 12 14 15 17 | 17.5
Armour         | 4 5 6 7 9 11 12 14 15 17 | 17.4
Dodging        | 2 5 8 10 12 | 12.5
Invocations    | 2 5 7 9 11 | 11.7
Evocations     | 2 4 6 8 10 | 10.8

Action                   |  1- 3 |  4- 6 |  7- 9 | 10-12 | 13-15 || total
-------------------------+-------+-------+-------+-------+-------++-------
Melee: Long sword        |    94 |       |       |       |       ||    94
       Scimitar          |       |    15 |    81 |   314 |    56 ||   466
       Great sword       |       |       |       |       |   160 ||   160
Evoke: Wand              |       |       |       |     6 |       ||     6
  Use: Potion            |     1 |     1 |       |     2 |     7 ||    11
 Stab: Invisible         |       |       |     4 |       |       ||     4
  Eat: Meat ration       |       |       |       |     1 |     1 ||     2
Armor: Scale mail        |    31 |     3 |    19 |    19 |       ||    72
       Chain mail        |       |       |       |    11 |       ||    11
       Plate armour      |       |       |       |     8 |   118 ||   126
Dodge: Dodged            |    25 |     3 |    12 |    56 |   100 ||   196
Block: Shield            |    41 |    10 |    43 |   104 |   162 ||   360
       Rpst.: Long sword |     6 |       |       |       |       ||     6
       Scimitar          |       |     1 |     6 |    20 |     4 ||    31
       Great sword       |       |       |       |       |    12 ||    12
